 Dungeon Crawl Stone Soup version 0.28-a0-1087-gf3fc490d9d (webtiles) character file.

Game seed: 7031578990943800826

6867 siradein the Fighter (level 10, -11/92 HPs)
             Began as a Minotaur Fighter on Dec 10, 2021.
             Was an Initiate of Yredelemnul.
             Mangled by a wolf spider simulacrum (14 damage)
             ... on level 12 of the Dungeon.
             The game lasted 00:34:14 (12192 turns).

siradein the Fighter (Minotaur Fighter)            Turns: 12192, Time: 00:34:16

Health: -11/92     AC: 11    Str: 27    XL:     10   Next: 78%
Magic:  12/12      EV:  8    Int:  5    God:    Yredelemnul [......]
Gold:   107        SH:  6    Dex: 14    Spells: 9/9 levels left

rFire   . . .      SeeInvis +   G - +0 scimitar
rCold   . . .      Faith    +   c - +0 buckler
rNeg    . . .      Spirit   .   x - +0 chain mail
rPois   .          Reflect  .   (helmet restricted)
rElec   .          Harm     .   (no cloak)
rCorr   .          Rampage  .   (no gloves)
Will    .....                   (no boots)
Stlth   ..........              b - amulet of faith
HPRegen 0.25/turn               i - +6 ring of strength
MPRegen 0.13/turn               m - ring of see invisible

@: no status effects
A: horns 2, retaliatory headbutt
a: Renounce Religion, Recall Undead Harvest


You were on level 12 of the Dungeon.
You worshipped Yredelemnul.
Yredelemnul was noncommittal.
You visited 2 branches of the dungeon, and saw 13 of its levels.

You collected 587 gold pieces.
You spent 480 gold pieces at shops.

Inventory:

Hand Weapons
 l - a +2 vorpal morningstar
 r - a +2 dagger of venom
 G - a +0 scimitar (weapon)
Missiles
 D - 5 poisoned darts (quivered)
Armour
 c - a +0 buckler (worn)
 x - a +0 chain mail (worn)
Jewellery
 b - an amulet of faith (around neck)
 i - a +6 ring of strength (left hand)
 m - a ring of see invisible (right hand)
 B - a ring of ice
Wands
 a - a wand of charming (9)
 u - a wand of acid (7)
 w - a wand of mindburst (8)
 H - a wand of flame (17)
 I - a wand of iceblast (1)
 J - a wand of polymorph (1)
Scrolls
 g - 2 scrolls of blinking
 h - 2 scrolls of brand weapon
 k - a scroll of silence
 o - 7 scrolls of teleportation
 p - 2 scrolls of amnesia
 q - a scroll of enchant armour
 v - a scroll of fog
 y - a scroll of fear {unknown}
 E - a scroll of enchant weapon {unknown}
 F - 2 scrolls of immolation {unknown}
Potions
 d - 2 potions of might
 e - a potion of magic {unknown}
 f - a potion of invisibility {unknown}
 j - 3 potions of flight
 n - a potion of attraction {unknown}
 s - 4 potions of heal wounds
 t - 2 potions of brilliance {unknown}
 z - 4 potions of curing
 A - a potion of cancellation {unknown}
 C - a potion of lignification {unknown}
 K - a potion of haste {unknown}


   Skills:
 + Level 9.7 Fighting
 - Level 8.4 Long Blades
 + Level 3.3 Maces & Flails
 + Level 9.6 Armour
 + Level 9.6 Shields
 + Level 5.1 Invocations
 + Level 4.6 Evocations


You had 9 spell levels left.
You didn't know any spells.
Your spell library contained the following spells:

 Spells                   Type           Power      Damage    Failure   Level
 Animate Skeleton         Necr           0%         N/A       94%         1
 Apportation              Tloc           0%         N/A       94%         1
 Summon Small Mammal      Summ           0%         N/A       94%         1
 Blink                    Tloc           0%         N/A       98%         2
 Summon Guardian Golem    Hex/Summ       0%         N/A       100%        3
 Manifold Assault         Tloc           0%         N/A       100%        5
 Dispersal                Tloc           0%         N/A       100%        6
 Orb of Destruction       Conj           0%         N/A       100%        7
 Spellforged Servitor     Conj/Summ      0%         N/A       100%        7
 Storm Form               Tmut/Air       0%         N/A       100%        7
 Disjunction              Tloc           0%         N/A       100%        8


Dungeon Overview and Level Annotations

Branches:
Dungeon (13/15)            Temple (1/1) D:5            Lair (0/6) D:8
    Orc: D:9-12      Vaults: D:13-14

Altars:
Ashenzari
Cheibriados
Dithmenos
Elyvilon
Fedhas
Gozag
Hepliaklqana
Kikubaaqudgha
Makhleb
Nemelex Xobeh
Okawaru
Qazlal
Ru
Sif Muna
Trog
Uskayaw
Vehumet
Wu Jian
Xom
Yredelemnul
Zin
The Shining One

Shops:
D:7 ([   D:8 ((==

Annotations:
D:3 1 runed translucent door, Crazy Yiuf, Natasha
D:6 5 runed translucent doors


Innate Abilities, Weirdness & Mutations

You have a pair of horns on your head.
You reflexively headbutt those who attack you in melee.


Message History

There is a stone staircase leading up here.
t - 2 silvery potions (gained 1)
There is a stone staircase leading up here.
Found a dagger.
K - a fuming black potion A sudden malevolence fills the Dungeon...
You fall into a shaft and drop 3 floors!
The shaft crumbles and collapses.
Found 19 gold pieces.
Found a stone staircase leading up.
There is a stone staircase leading up here.
Okay, then.
You climb upwards.
There is a stone staircase leading down here.
Found 16 gold pieces.
You now have 107 gold pieces (gained 16).
Found a stone staircase leading down.
Found a stone staircase leading down.
Found 21 gold pieces.
Found a potion of heal wounds.
A wolf spider simulacrum comes into view.
s - 4 potions of heal wounds (gained 1)
You slice the wolf spider simulacrum!!
The wolf spider simulacrum is heavily damaged.
The wolf spider simulacrum hits you.
The wolf spider simulacrum freezes you!!
The wolf spider simulacrum bites you!
The wolf spider simulacrum freezes you!!
You barely miss the wolf spider simulacrum.
You headbutt the wolf spider simulacrum.
The wolf spider simulacrum is severely damaged.
The wolf spider simulacrum hits you. The wolf spider simulacrum freezes you!
* * * LOW HITPOINT WARNING * * *
The wolf spider simulacrum bites you but does no damage.
You hit the wolf spider simulacrum but do no damage.
The wolf spider simulacrum is severely damaged.
The wolf spider simulacrum hits you!
* * * LOW HITPOINT WARNING * * *
The wolf spider simulacrum freezes you!
You die...
Your body rises from the dead as a mindless zombie.

.######......###...####
.........##### #...##
..#........# ##...#
###........# ###...## #
###.....## #......#
###...# #......## #####
#.......# #..Z##..#
#.@## ...# ## #..# #..#
.## #.## ...# #.# ##
#Z.# ### ..#


You could see a wolf spider simulacrum.

Vanquished Creatures
  Pikel (D:4)
  A troll (D:9)
  A hornet (D:8)
  Sigmund (D:6)
  A wyvern (D:7)
  7 yaks
  A water moccasin (D:6)
  Edmund (D:4)
  3 orc warriors
  An ice beast (D:6)
  2 sky beasts
  6 ogres
  2 centaurs (D:9)
  3 lemures (D:3)
  A kobold brigand (D:10)
  A gnoll sergeant (D:7)
  4 bullfrogs
  A wyvern zombie (D:9)
  A water moccasin skeleton (D:6)
  5 wights (D:8)
  4 hounds
  3 jellies
  4 orc priests
  2 centaur zombies
  A centaur skeleton (D:6)
  4 iguanas
  Natasha (D:3)
  5 orc wizards
  A hound zombie (D:5)
  Robin (D:3)
  5 adders
  A howler monkey skeleton (D:4)
  A shadow imp (D:5)
  A white imp (D:7)
  2 ufetubi
  An adder skeleton (D:4)
  2 dart slugs (D:1)
  4 worms
  19 orcs
  4 endoplasms
  4 giant cockroaches
  21 goblins
  4 hobgoblins (D:3)
  7 jackals
  6 quokkas
  5 ball pythons
  4 bats
  A frilled lizard (D:2)
  10 kobolds
  2 rats (D:3)
174 creatures vanquished.

Vanquished Creatures (collateral kills)
  6 yaks
  2 water moccasins (D:7)
  2 ice beasts (D:7)
  An orc warrior (D:7)
  A necrophage (D:7)
  A kobold brigand (D:7)
  A bullfrog (D:8)
  An orc priest (D:9)
  2 orc wizards
  A howler monkey zombie (D:8)
  A howler monkey skeleton (D:6)
  4 orcs
23 creatures vanquished.

Vanquished Creatures (others)
  A water moccasin zombie (D:7)
  3 yak zombies (D:8)
  2 bullfrog zombies (D:7)
  A centaur zombie (D:9)
  A spectral white imp (D:7)
  5 kobold zombies (D:10)
  2 orc zombies (D:8)
  2 fungi (D:8)
  A plant (D:8)
18 creatures vanquished.

Grand Total: 215 creatures vanquished

Notes
Turn   | Place    | Note
-------+----------+-------------------------------------------
     0 | D:1      | siradein the Minotaur Fighter began the quest for the Orb.
     0 | D:1      | Reached XP level 1. HP: 19/19 MP: 0/0
   209 | D:1      | Reached XP level 2. HP: 22/27 MP: 1/1
   777 | D:1      | Reached XP level 3. HP: 32/33 MP: 2/2
  1021 | D:2      | Noticed a shining eye
  1023 | D:2      | Noticed a floating eye
  1025 | D:2      | Found a faded altar of an unknown god.
  1027 | D:2      | Noticed an eye of devastation
  1027 | D:2      | Noticed a golden eye
  1699 | D:3      | Reached XP level 4. HP: 40/41 MP: 3/3
  1765 | D:3      | Noticed Robin
  1958 | D:3      | Killed Robin
  2397 | D:3      | Found a runed translucent door.
  2398 | D:3      | Noticed Crazy Yiuf
  2532 | D:3      | Noticed Natasha
  2536 | D:3      | Killed Natasha
  2886 | D:3      | Noticed Natasha
  2921 | D:4      | Noticed Pikel
  2921 | D:4      | Noticed a lemure
  2921 | D:4      | Noticed a lemure
  2921 | D:4      | Noticed a lemure
  2921 | D:4      | Noticed a lemure
  3120 | D:3      | Reached XP level 5. HP: 22/47 MP: 4/4
  3334 | D:3      | Killed a lemure
  3395 | D:3      | Killed a lemure
  3562 | D:3      | Killed a lemure
  3997 | D:4      | Identified the +1 quarterstaff of the Spectre {venom, rElec
                  | Int-2 SInv}
  4005 | D:4      | Noticed Edmund
  4020 | D:4      | Killed Edmund
  4021 | D:4      | Reached skill level 5 in Fighting
  4021 | D:4      | Reached skill level 5 in Armour
  4021 | D:4      | Reached skill level 5 in Shields
  4021 | D:4      | Reached XP level 6. HP: 16/56 MP: 5/5
  4359 | D:4      | Killed Pikel
  4360 | D:4      | Reached skill level 5 in Long Blades
  4360 | D:4      | Reached XP level 7. HP: 34/63 MP: 6/6
  4961 | D:4      | Reached XP level 8. HP: 71/71 MP: 7/7
  5316 | D:5      | Entered Level 5 of the Dungeon
  5646 | D:5      | Found a sparkling altar of Nemelex Xobeh.
  5683 | D:5      | HP: 2/73 [orc (8)]
  6425 | D:5      | Found a staircase to the Ecumenical Temple.
  6431 | Temple   | Entered the Ecumenical Temple
  6543 | Temple   | Became a worshipper of Yredelemnul the Dark
  6733 | D:6      | Reached skill level 1 in Invocations
  6733 | D:6      | Reached skill level 1 in Evocations
  6733 | D:6      | Noticed Sigmund
  6743 | D:6      | Killed Sigmund
  6816 | D:6      | Reached * piety under Yredelemnul
  7063 | D:6      | Reached ** piety under Yredelemnul
  7072 | D:6      | Reached XP level 9. HP: 70/81 MP: 9/9
  7131 | D:6      | Found the +9 staff of Olgreb {rPois∞}
  7142 | D:6      | Found a runed translucent gate.
  7142 | D:6      | Found a runed translucent gate.
  7143 | D:6      | Found a runed translucent door.
  7154 | D:6      | Found a runed translucent gate.
  7165 | D:6      | Found a runed translucent door.
  7652 | D:7      | Found Vaifedug's Magic Scroll Emporium.
  7872 | D:7      | Found Gosuengo's Weapon Emporium.
  8489 | D:7      | Found Ugogarav's Antique Armour Shoppe.
  8589 | D:8      | Reached XP level 10. HP: 49/90 MP: 11/11
  8760 | D:8      | Found a staircase to the Lair.
  9072 | D:8      | Found Puw Tos's Jewellery Emporium.
  9133 | D:8      | Found Tius's Antique Weapon Shoppe.
  9159 | D:8      | Found Rukeosuca's Jewellery Shop.
  9175 | D:8      | Bought an amulet of faith for 480 gold pieces
  9254 | D:8      | Found Amoca's Weapon Boutique.
 10050 | D:8      | Paralysed by a hornet for 1 turns
 10277 | D:8      | Reached skill level 1 in Maces & Flails
 10981 | D:9      | Reached skill level 5 in Invocations
 10982 | D:9      | Reached *** piety under Yredelemnul
 11421 | D:9      | Reached **** piety under Yredelemnul
 11539 | D:9      | Found a glowing golden altar of the Shining One.
 11740 | D:10     | Entered Level 10 of the Dungeon
 11779 | D:10     | Noticed a gargoyle
 12114 | D:10     | You fall into a shaft and drop 3 floors!
 12192 | D:12     | HP: 3/92 [wolf spider simulacrum (12)]
 12192 | D:12     | Mangled by a wolf spider simulacrum

Illustrated notes

Levels and vault maps discovered:
D:1:      roderic_dead_forest, layout_loops_ring, serial_glass, glass_columns_c,
          glass_columns_c, glass_columns_a, glass_columns_a, glass_columns_a,
          glass_columns_a, glass_columns_a, glass_columns_a
D:2:      layout_rooms, hellmonk_ecumenical_altar_watching_god
D:3:      kennysheep_goblin_castle, layout_basic, uniq_crazy_yiuf_cottage,
          uniq_natasha
D:4:      layout_basic, hangedman_abyss_or_decor_lesser_grid,
          grunt_ministairs_4, minmay_vboxes, uniq_edmund, uniq_pikel
D:5:      layout_cave_pools, nemelex_diamond_rough_becter,
          minmay_temple_entry_enclosed_plants
D:6:      layout_gridville, grunt_ministairs_4,
          minmay_guarded_unrand_staff_of_olgreb, uniq_sigmund
D:7:      layout_cave_pools, serial_shops, shop, nicolae_shop_hallway_stairs,
          nicolae_shop_stone, minmay_increasing_density
D:8:      layout_basic, dpeg_oklobed_lair, serial_shops, kennysheep_mini_moat,
          shop_fountains, nicolae_stop_n_shop_2, kennysheep_little_box
D:9:      layout_basic, mainiacjoe_overflow_catwalk
D:10:     layout_basic, lightli_fourway_metalbox
D:12:     minmay_separated_statues, layout_cave_pods, serial_glass,
          glass_columns_a, glass_columns_a, glass_columns_a, uniq_josephine
D:13:     layout_stronghold, david_vaults_1
Temple:   regret_index_temple_chain_breaker

Skill      XL: |  1  2  3  4  5  6  7  8  9 10 |
---------------+-------------------------------+-----
Fighting       | 4 5 6 7 8 9 |  9.7
Armour         | 4 5 6 7 8 9 |  9.6
Shields        | 4 5 6 7 8 9 |  9.6
Long Blades    | 3 4 5 6 7 8 |  8.4
Invocations    | 2 3 5 |  5.1
Evocations     | 1 3 4 |  4.6
Maces & Flails | 3 |  3.3

Action                   |  1- 3 |  4- 6 |  7- 9 | 10-12 || total
-------------------------+-------+-------+-------+-------++-------
Melee: Long sword        |   106 |    83 |    74 |       ||   263
       Headbutt          |    16 |    15 |    50 |    33 ||   114
       Quarterstaff      |       |     3 |       |       ||     3
       Scimitar          |       |       |   132 |    86 ||   218
       Dagger            |       |       |     1 |       ||     1
       Morningstar       |       |       |       |    40 ||    40
Invok: Dark Bargain      |       |       |     1 |       ||     1
       Recall Undead Har |       |       |       |     1 ||     1
Evoke: Wand              |       |     2 |     1 |       ||     3
  Use: Scroll            |       |       |       |    10 ||    10
Armor: Scale mail        |    55 |    28 |     8 |       ||    91
       Chain mail        |       |       |    84 |    43 ||   127
       Skin              |       |       |       |     1 ||     1
Dodge: Dodged            |    37 |    44 |    51 |    66 ||   198
Block: Buckler           |    27 |    10 |    53 |    36 ||   126

Table legend: (Time is in decaauts)
 A = Elapsed time spent in this place.
 B = Non-inter-level travel time spent in this place.
 C = Inter-level travel time spent in this place.
 D = Time resting spent in this place.
 E = Time spent auto-exploring this place.
 F = Levels seen in this place.
 G = Mean time per level.
                   A        B        C        D        E       F      G
               +--------+--------+--------+--------+--------+-----+--------+
         Total |  12297 |  11784 |    513 |   2319 |   7211 |  13 |  945.9 |
       Dungeon |  12164 |  11671 |    493 |   2319 |   7119 |  12 | 1013.7 |
        Temple |    132 |    112 |     20 |      0 |     92 |   1 |  132.0 |
               +--------+--------+--------+--------+--------+-----+--------+

Top non-repeatable levels by time:
     D:3: 2307 daAuts
     D:4: 2191 daAuts
     D:8: 2089 daAuts
     D:9: 1159 daAuts
     D:6: 1077 daAuts
     D:1: 1070 daAuts
     D:7: 985 daAuts
     D:2: 582 daAuts
     D:5: 521 daAuts
  Temple: 132 daAuts
    D:10: 101 daAuts
    D:12: 73 daAuts
    D:13: 3 daAuts
